 Dungeon Crawl Stone Soup version 0.25-a0-425-g0e000e855e (webtiles) character file.

Game seed: 9556731287563309422, levelgen mode: deterministic

1255 Kohma the Transmogrifier (level 8, -5/59 HPs)
             Began as a Pale Draconian Transmuter on Jan 24, 2020.
             Was a Follower of Fedhas.
             Slain by an orc warrior
             ... wielding a +0 trident
              (20 damage)
             ... on level 6 of the Dungeon.
             The game lasted 00:15:40 (6611 turns).

Kohma the Transmogrifier (DrTm)                     Turns: 6611, Time: 00:15:41

Health: -5/59      AC:  2    Str: 12    XL:     8   Next: 26%
Magic:  9/11       EV: 19    Int: 16    God:    Fedhas [*.....]
Gold:   260        SH:  0    Dex: 17    Spells: 5/11 levels left

rFire    . . .     SeeInvis .     - Unarmed
rCold    . . .     Gourm    .   (shield currently unavailable)
rNeg     . . .     Faith    .   (armour unavailable)
rPois    .         Spirit   .   (helmet currently unavailable)
rElec    .         Reflect  .   (cloak currently unavailable)
rCorr    .         Harm     .   (gloves currently unavailable)
MR       .....                  (boots currently unavailable)
Stlth    ++........             (no amulet)
HPRegen  0.19/turn              y - ring of poison resistance
MPRegen  0.12/turn              (no ring)

@: spider-form
A: tiny, (breathe steam), unfitting armour, AC +6
a: End Transformation, Renounce Religion


You were on level 6 of the Dungeon.
You worshipped Fedhas.
Fedhas was aware of your devotion.
You were very hungry.
You were a venomous arachnid creature.
You visited 2 branches of the dungeon, and saw 7 of its levels.

You collected 260 gold pieces.

Inventory:

Missiles
 a - 77 arrows
 l - a throwing net
 p - 6 curare-tipped darts (quivered)
 r - 37 poisoned darts
Armour
 k - a +0 pair of boots (melded)
 x - a +2 pair of gloves (melded)
Jewellery
 y - a ring of poison resistance (left front leg)
Wands
 n - a wand of enslavement (6)
 s - a wand of acid (9)
 t - a wand of random effects (28)
Scrolls
 h - a scroll of enchant armour
 j - a scroll of enchant weapon
 w - a scroll of remove curse
Potions
 b - a potion of curing
 d - 2 potions of degeneration {unknown}
 e - 2 potions of heal wounds
 f - 3 potions of might
 g - a potion of invisibility
 m - a potion of ambrosia {unknown}
 o - a potion of flight {unknown}
 q - 3 potions of mutation
 u - 2 potions of brilliance
 v - a potion of berserk rage {unknown}
Comestibles
 c - 8 rations


   Skills:
 - Level 1.1 Fighting
 - Level 1.7 Dodging
 + Level 5.4 Unarmed Combat
 - Level 2.0 Spellcasting
 * Level 8.9 Transmutations
 - Level 2.0 Poison Magic


You had 5 spell levels left.
You knew the following spells:

 Your Spells              Type           Power        Failure   Level  Hunger
a - Beastly Appendage     Tmut           ####..       3%          1    #......
b - Sticks to Snakes      Tmut           ####....     4%          2    ###....
c - Spider Form           Tmut/Pois      ###.......   19%         3    ###....

Your spell library contained the following spells:

 Spells                   Type           Power        Failure   Level  Hunger
 Blade Hands              Tmut           ####......   34%         5    ######.
 Animate Skeleton         Necr           N/A          41%         1    #......
 Apportation              Tloc           #.....       41%         1    #......
 Corona                   Hex            #......      41%         1    #......
 Summon Small Mammal      Summ           #...         41%         1    #......
 Ice Form                 Ice/Tmut       ###.....     54%         4    #####..


Dungeon Overview and Level Annotations

Branches:
Dungeon (6/15)             Temple (1/1) D:4

Altars:
Ashenzari
Cheibriados
Dithmenos
Elyvilon
Fedhas
Hepliaklqana
Kikubaaqudgha
Makhleb
Nemelex Xobeh
Okawaru
Qazlal
Ru
Sif Muna
Uskayaw
Vehumet
Xom
Yredelemnul
Zin
The Shining One


Innate Abilities, Weirdness & Mutations

((You can breathe blasts of scalding, opaque steam.))
((Your pale cyan-grey scales are hard. (AC +6)))
You cannot fit into any form of body armour.
((You are cold-blooded and may be slowed by cold attacks.))


Message History

You kill the orc!
Fedhas accepts your kill.
You kill the orc!
Fedhas accepts your kill.
The orc warrior hits you from afar with a +0 trident!
* * * LOW HITPOINT WARNING * * *
You hit the orc but do no damage.
You kill the orc!
Fedhas accepts your kill. The orc warrior misses you.
The orc hits you but does no damage.
You hit the orc.
The orc is poisoned.
The orc is moderately wounded.
The orc warrior misses you.
You hit the orc.
The orc looks as sick as possible!
The orc is severely wounded.
The orc hits you with a +0 club.
* * * LOW HITPOINT WARNING * * *
The orc warrior hits you from afar with a +0 trident!!
You die...
Fedhas appreciates your contribution to the ecosystem.

###########
#.........#####
#..$........
#.o)s)......
......o##.#####
......( ..
#.#.... ##
....... ..#.$..
. ##.#. #.#.


You could see an orc warrior and an orc.

Vanquished Creatures
  Sigmund (D:3)
  A sky beast (D:5)
  An ogre (D:5)
  A centaur (D:4)
  2 crimson imps (D:5)
  A quasit (D:4)
  2 hounds
  A bullfrog skeleton (D:5)
  A centaur skeleton (D:4)
  3 orc wizards
  Terence (D:3)
  Natasha (thrice) (D:3)
  5 worker ants
  3 gnolls (D:2)
  6 adders
  An ooze (D:1)
  4 worms
  3 dart slugs
  2 leopard geckos
  15 orcs
  6 bats
  10 giant cockroaches
  5 goblins
  3 hobgoblins
  8 jackals
  2 quokkas (D:4)
  A ball python (D:1)
  4 frilled lizards
  10 kobolds
  8 rats
114 creatures vanquished.

Vanquished Creatures (collateral kills)
  An ice beast (D:5)
  An ogre (D:4)
  A gnoll (D:2)
  A worm (D:2)
  2 orcs (D:6)
  A rat (D:2)
7 creatures vanquished.

Grand Total: 121 creatures vanquished

Notes
Turn   | Place    | Note
-------+----------+-------------------------------------------
     0 | D:1      | Kohma the Draconian Transmuter began the quest for the Orb.
     0 | D:1      | Reached XP level 1. HP: 16/16 MP: 3/3
    68 | D:1      | Reached XP level 2. HP: 20/23 MP: 3/5
    72 | D:1      | Learned a level 2 spell: Sticks to Snakes
   209 | D:1      | Reached skill level 3 in Transmutations
   502 | D:1      | Reached XP level 3. HP: 28/28 MP: 4/6
   507 | D:1      | Learned a level 3 spell: Spider Form
  1406 | D:2      | Reached skill level 1 in Poison Magic
  1415 | D:2      | Reached skill level 4 in Transmutations
  1418 | D:2      | HP: 1/28 [gnoll (7)]
  1419 | D:2      | Reached XP level 4. HP: 1/35 MP: 7/7
  1433 | D:2      | HP: 1/35 [rat (2)]
  2602 | D:3      | Noticed Sigmund
  2616 | D:3      | Killed Sigmund
  2616 | D:3      | Reached skill level 6 in Transmutations
  2616 | D:3      | Reached XP level 5. HP: 40/40 MP: 2/8
  2616 | D:3      | Reached XP level 6. HP: 47/47 MP: 2/9
  2742 | D:3      | Noticed Natasha
  2766 | D:3      | Killed Natasha
  3031 | D:3      | Noticed Natasha
  3037 | D:3      | Killed Natasha
  3083 | D:3      | Found a sacrificial altar of Ru.
  3488 | D:3      | Noticed Natasha
  3492 | D:3      | Noticed Terence
  3496 | D:3      | Killed Natasha
  3501 | D:3      | Killed Terence
  4101 | D:4      | Your scales start taking on a pale cyan-grey colour.
  4101 | D:4      | Reached XP level 7. HP: 43/52 MP: 6/10
  4202 | D:4      | Found a staircase to the Ecumenical Temple.
  4208 | Temple   | Entered the Ecumenical Temple
  4288 | Temple   | Became a worshipper of Fedhas Madash
  4524 | D:4      | Reached skill level 7 in Transmutations
  4571 | D:4      | Found a white marble altar of Elyvilon.
  5375 | D:5      | Entered Level 5 of the Dungeon
  5695 | D:5      | Found an iron altar of Okawaru.
  5742 | D:5      | Found a shimmering altar of Xom.
  5748 | D:5      | Reached skill level 8 in Transmutations
  5804 | D:5      | Reached * piety under Fedhas
  5832 | D:5      | Reached XP level 8. HP: 28/59 MP: 11/11
  6108 | D:5      | Reached skill level 5 in Unarmed Combat
  6182 | D:5      | Found a burning altar of Makhleb.
  6184 | D:5      | Found a radiant altar of Vehumet.
  6611 | D:6      | Slain by an orc warrior

Levels and vault maps discovered:
D:1:      dpeg_arrival_tiny_d, layout_basic, nrook_mini_backslash
D:2:      layout_basic, minmay_pentomino_v4
D:3:      layout_basic, nicolae_ru_awakened_eye, uniq_terence, uniq_sigmund,
          uniq_natasha
D:4:      layout_loops_ring, minmay_temple_entry_ruins, first_ration,
          elyvilon_altar_3
D:5:      layout_basic, grunt_temple_overflow_lords_of_destruction,
          overflow_temple_1_default, basic_altar, guppyfry_early_lair_pool
D:6:      layout_loops_ring, gammafunk_ghost_grave, grunt_decor_resistance,
          corexii_hall_statues_u, grunt_ministairs_2
Temple:   regret_index_temple_generic_petals

Skill      XL: |  1  2  3  4  5  6  7  8 |
---------------+-------------------------+-----
Transmutations | 3 4 6 8 |  8.9
Poison Magic   | 1 2 |  2.0
Unarmed Combat | 4 5 |  5.4
Fighting       | |  1.1
Dodging        | |  1.7
Spellcasting   | |  2.0

Action                   |  1- 3 |  4- 6 |  7- 9 || total
-------------------------+-------+-------+-------++-------
Melee: Unarmed           |   114 |   132 |   136 ||   382
       Tailslap          |     9 |     4 |     3 ||    16
       Headbutt          |    15 |     1 |       ||    16
       Punch             |     3 |     1 |       ||     4
       Kick              |     2 |     1 |       ||     3
 Cast: Beastly Appendage |    19 |     2 |       ||    21
       Sticks to Snakes  |     2 |     3 |     7 ||    12
       Spider Form       |     1 |    20 |    18 ||    39
  Use: Scroll            |       |    10 |     3 ||    13
 Stab: Distracted        |       |       |     1 ||     1
  Eat: Chunk             |     2 |    11 |     7 ||    20
       Ration            |       |       |     1 ||     1
Armor: Skin              |    32 |    15 |    18 ||    65
Dodge: Dodged            |    87 |   133 |   143 ||   363

Table legend:
 A = Non-vault XP
 B = Vault XP
 C = Vault XP percentage of total XP
 D = Non-vault monster count
 E = Vault monster count
 F = Vault count percentage of total count
                 A         B        C        D         E       F
            +---------+---------+-------+---------+---------+-------
      Total |    1408 |     385 |  21.5 |     114 |       7 |   5.8
            +---------+---------+-------+---------+---------+-------
        D:1 |      52 |       0 |   0.0 |      26 |       0 |   0.0
        D:2 |     102 |      13 |  11.3 |      17 |       1 |   5.6
        D:3 |     232 |     300 |  56.4 |      36 |       3 |   7.7
        D:4 |     392 |       0 |   0.0 |      15 |       0 |   0.0
        D:5 |     614 |      72 |  10.5 |      14 |       3 |  17.6
        D:6 |      16 |       0 |   0.0 |       6 |       0 |   0.0
            +---------+---------+-------+---------+---------+-------
